 Dungeon Crawl Stone Soup version 0.29-a0-384-g6960b1960d (webtiles) character file.

Game seed: 2674968660393034896

50 zeratav the Caller (level 3, -6/24 HPs)
             Began as a Merfolk Summoner on May 6, 2022.
             Mangled by Terence
             ... wielding a +0 hand axe
              (9 damage)
             ... on level 2 of the Dungeon.
             The game lasted 00:06:19 (2273 turns).

zeratav the Caller (Merfolk Summoner)               Turns: 2273, Time: 00:06:20

Health: -6/24      AC:  2    Str:  8    XL:     3   Next: 79%
Magic:  3/6        EV: 13    Int: 16    God:
Gold:   147        SH:  0    Dex: 14    Spells: 3/7 levels left

rFire   . . .      SeeInvis +   p - +0 spear {polearm}
rCold   . . .      Faith    .   (no shield)
rNeg    . . .      Spirit   .   a - +0 robe
rPois   .          Reflect  .   (no helmet)
rElec   .          Harm     .   (no cloak)
rCorr   .          Rampage  .   (no gloves)
Will    .....                   (no boots)
Stlth   ++........              (no amulet)
HPRegen 0.08/turn               m - ring of see invisible
MPRegen 0.10/turn               (no ring)

@: no status effects
A: (nimble swimmer 2), mertail
a: no special abilities


You were on level 2 of the Dungeon.
You visited 1 branch of the dungeon, and saw 2 of its levels.

You collected 147 gold pieces.


Innate Abilities, Weirdness & Mutations

((You are very nimble when in or above water. (Stealth+, EV+, Speed+++)))
Your lower body shifts to a powerful aquatic tail in water.


   Skills:
 + Level 3.5 Dodging
 + Level 2.9 Stealth
 + Level 2.5 Spellcasting
 + Level 4.3 Summonings


You had 3 spell levels left.
You knew the following spells:

 Your Spells              Type           Power      Damage    Failure   Level
a - Summon Small Mammal   Summ           64%        N/A       3%          1
b - Call Canine Familiar  Summ           16%        N/A       10%         3

Your spell library contained the following spells:

 Spells                   Type           Power      Damage    Failure   Level
 Call Imp                 Summ           16%        N/A       4%          2
 Summon Guardian Golem    Hex/Summ       9%         N/A       24%         3
 Scorch                   Fire           4%         2d5       30%         2
 Sublimation of Blood     Necr           2%         N/A       30%         2
 Wereblood                Tmut           2%         N/A       30%         2
 Summon Lightning Spire   Summ/Air       9%         N/A       63%         4
 Flame Wave               Conj/Fire      2%         2d4       89%         4
 Summon Cactus Giant      Summ           8%         N/A       99%         6
 Summon Hydra             Summ           8%         N/A       100%        7

Inventory:

Hand Weapons
 p - a +0 spear (weapon) {polearm}
   (You found it on level 2 of the Dungeon)
Armour
 a - a +0 robe (worn)
 d - a +0 robe
   (You found it on level 2 of the Dungeon)
 e - a +0 leather armour
   (You found it on level 2 of the Dungeon)
Jewellery
 m - a ring of see invisible (left hand)
   (You found it on level 2 of the Dungeon)
Scrolls
 f - 3 scrolls of vulnerability {unknown}
 g - 4 scrolls of identify {unknown}
 i - a scroll of fog {unknown}
 j - a scroll of blinking {unknown}
 l - a scroll of amnesia {unknown}
Potions
 b - a potion of magic
 c - a potion of might {unknown}
 h - a potion of flight {unknown}
 k - a potion of mutation {unknown}
 n - a potion of curing {unknown}
 o - a potion of lignification {unknown}

Dungeon Overview and Level Annotations

Branches:
Dungeon (2/15)

Altars:
Yredelemnul

Annotations:
D:2 Terence

#.......# ###.......#
#....###### #....#
########.
#....#####........
#..........# #....#######
#...@# #...@# #....#
###..# # ## #..# .##..
###..# ..#.. #....## #.
#...# #^#...# #.#. ###....
#.....# #.#.# #...# .
######.....###.#.###...#..


You could see Terence.


Message History

You catch the helpless Terence completely off-guard!
You hit Terence but do no damage.
Your bat barely misses Terence.
Terence hits your rat with a +0 hand axe.
Your rat dies!
Your rat's corpse disappears in a puff of smoke!
Reach: p) +0 spear {polearm}
Press: ? - help, Dir - move target, f/p - Terence
Aim: Terence, wielding a +0 hand axe and wearing a +0 chain mail (severely wounded, ally target, about 32% to evade your +0 spear)
You reach to attack!
You hit Terence.
Your bat hits Terence but does no damage.
Your bat hits Terence.
Terence hits your bat with a +0 hand axe.
Reach: p) +0 spear {polearm}
Press: ? - help, Dir - move target, f/p - Terence
Aim: Terence, wielding a +0 hand axe and wearing a +0 chain mail (grey smoke, severely wounded, not watching you, ally target, about 32% to evade your +0 spear)
You reach to attack!
You hit Terence but do no damage. Your bat hits Terence.
Terence barely misses your bat.
Reach: p) +0 spear {polearm}
Press: ? - help, Dir - move target, f/p - Terence
Aim: Terence, wielding a +0 hand axe and wearing a +0 chain mail (almost dead, ally target, about 32% to evade your +0 spear)
You reach to attack!
You hit Terence but do no damage.
Your bat barely misses Terence.
Reach: p) +0 spear {polearm}
Press: ? - help, Dir - move target, f/p - Terence
Aim: Terence, wielding a +0 hand axe and wearing a +0 chain mail (almost dead, ally target, about 32% to evade your +0 spear)
You hit Terence but do no damage. Your bat hits Terence.
Terence hits you with a +0 hand axe.
HP[-5]
You take 5 damage, and now have 19/24 hp.
MASSIVE DAMAGE!! (PAUSE)
You swap places.
Your bat hits Terence but does no damage.
Reach: p) +0 spear {polearm}
Press: ? - help, Dir - move target, f/p - Terence
Aim: Terence, wielding a +0 hand axe and wearing a +0 chain mail (almost dead, ally target, about 32% to evade your +0 spear)
You completely miss Terence.
Your bat hits Terence but does no damage.
Terence hits you with a +0 hand axe!
* * * LOW HITPOINT WARNING * * *
Terence hits your bat with a +0 hand axe.
Your bat dies!
Your bat's corpse disappears in a puff of smoke!
HP[-8]
You take 8 damage, and now have 11/24 hp.
MASSIVE DAMAGE!! (PAUSE)
You hit Terence but do no damage. Terence misses you.
Casting: Summon Small Mammal (safe; 3% risk of failure)
Confirm with . or Enter, or press ? or * to list all spells.
Terence barely misses you. Terence misses your quokka.
Casting: Summon Small Mammal (safe; 3% risk of failure)
Confirm with . or Enter, or press ? or * to list all spells.
You don't have enough magic to cast this spell.
You barely miss Terence. Terence hits you with a +0 hand axe.
* * * LOW HITPOINT WARNING * * *
Terence closely misses your quokka.
Your quokka barely misses Terence.
Terence hits you with a +0 hand axe.
* * * LOW HITPOINT WARNING * * *
Terence closely misses your quokka.
HP[-5]
You take 5 damage, and now have 6/24 hp.
MASSIVE DAMAGE!! (PAUSE)
You hit Terence but do no damage.
Your quokka bites Terence.
Terence hits you with a +0 hand axe.
* * * LOW HITPOINT WARNING * * *
Terence completely misses your quokka.
HP[-4]
You take 4 damage, and now have 2/24 hp.
Your quokka bites Terence but does no damage.
Terence hits your quokka with a +0 hand axe.
Terence misses you.
Your quokka bites Terence but does no damage.
Terence barely misses your quokka.
Your quokka bites Terence but does no damage.
Reach: p) +0 spear {polearm}
Press: ? - help, Dir - move target, f/p - Terence
Aim: Terence, wielding a +0 hand axe and wearing a +0 chain mail (almost dead, not watching you, ally target, about 32% to evade your +0 spear)
You reach to attack!
You closely miss Terence.
Your quokka bites Terence but does no damage.
Terence misses your quokka.
HP[+1]
Okay, then.
Reach: p) +0 spear {polearm}
Press: ? - help, Dir - move target, f/p - Terence
Aim: Terence, wielding a +0 hand axe and wearing a +0 chain mail (almost dead, ally target, about 32% to evade your +0 spear)
You could not reach far enough!
Your quokka bites Terence but does no damage.
Terence hits your quokka with a +0 hand axe.
Your quokka dies!
Your quokka's corpse disappears in a puff of smoke!
Reach: p) +0 spear {polearm}
Press: ? - help, Dir - move target, f/p - Terence
Aim: Terence, wielding a +0 hand axe and wearing a +0 chain mail (almost dead, about 32% to evade your +0 spear)
You reach to attack!
You barely miss Terence. You barely miss Terence. Terence misses you.
You barely miss Terence. Terence looks scornfully at you.
Terence closely misses you.
MP[+1]
You barely miss Terence. Terence hits you with a +0 hand axe!
You die...

Skill      XL: |  1 |
---------------+----+-----
Dodging        | 3 |  3.5
Stealth        | |  2.9
Spellcasting   | |  2.5
Summonings     | |  4.3

Action                   || total
-------------------------++-------
Melee: Unarmed           ||    18
       Dagger            ||    22
       Spear             ||    20
 Cast: Summon Small Mamm ||    53
       Call Canine Famil ||     3
 Stab: Distracted        ||     3
Armor: Robe              ||     8
Dodge: Dodged            ||    46

Levels and vault maps discovered:
D:1:      matt_arrival_grand_opening, layout_rooms,
          ebering_ecumenical_altar_abandoned, serial_corexii_hall,
          chequers_hall_statues_y, corexii_hall_statues_deadend,
          corexii_hall_statues_i, chequers_hall_statues_y
D:2:      layout_rooms, basic_altar, nrook_mini_backslash, uniq_terence

Notes
Turn   | Place    | Note
-------+----------+-------------------------------------------
     0 | D:1      | zeratav the Merfolk Summoner began the quest for the Orb.
     0 | D:1      | Reached XP level 1. HP: 13/13 MP: 3/3
     0 | D:1      | magus.rc [v1.9.6]
   279 | D:1      | HP: 2/13 [dart slug/slug dart (4)]
   281 | D:1      | Reached skill level 3 in Dodging
   281 | D:1      | Reached XP level 2. HP: 3/19 MP: 0/5
   556 | D:1      | You pick up a book of Scorching and begin reading...
   556 | D:1      | You add the spells Scorch, Flame Wave and Summon Cactus
                  | Giant to your library.
   685 | D:1      | Found a faded altar of an unknown god.
  1104 | D:1      | Reached XP level 3. HP: 24/24 MP: 3/6
  1683 | D:2      | Learned a level 3 spell: Call Canine Familiar
  1795 | D:2      | You pick up a book of Blood and begin reading...
  1795 | D:2      | You add the spells Sublimation of Blood, Wereblood and
                  | Summon Hydra to your library.
  2135 | D:2      | Found a basalt altar of Yredelemnul.
  2231 | D:2      | Noticed Terence
  2264 | D:2      | HP: 6/24 [Terence/+0 hand axe (1)]
  2265 | D:2      | HP: 2/24 [Terence/+0 hand axe (4)]
  2273 | D:2      | Mangled by Terence

Vanquished Creatures
  An endoplasm (D:1)
  A giant cockroach (D:2)
  2 hobgoblins (D:2)
  A jackal (D:1)
  A quokka (D:2)
  A frilled lizard (D:1)
  A kobold (D:1)
8 creatures vanquished.

Vanquished Creatures (collateral kills)
  An adder (D:2)
  A dart slug (D:1)
  3 endoplasms (D:1)
  A giant cockroach (D:1)
  A goblin (D:1)
  2 hobgoblins (D:1)
  9 jackals
  A quokka (D:2)
  2 ball pythons (D:1)
  A frilled lizard (D:2)
  2 kobolds
  A rat (D:1)
25 creatures vanquished.

Grand Total: 33 creatures vanquished

Table legend:
 A = Non-vault XP
 B = Vault XP
 C = Vault XP percentage of total XP
 D = Non-vault monster count
 E = Vault monster count
 F = Vault count percentage of total count
                 A         B        C        D         E       F
            +---------+---------+-------+---------+---------+-------
      Total |      72 |       0 |   0.0 |      33 |       0 |   0.0
            +---------+---------+-------+---------+---------+-------
        D:1 |      40 |       0 |   0.0 |      22 |       0 |   0.0
        D:2 |      32 |       0 |   0.0 |      11 |       0 |   0.0
            +---------+---------+-------+---------+---------+-------

Illustrated notes

Table legend:
 A = Kills in this place as a percentage of kills in entire the game.
 B = Kills by you in this place as a percentage of kills by you in the entire game.
 C = Kills by friends in this place as a percentage of kills by friends in the entire game.
 D = Other kills in this place as a percentage of other kills in the entire game.
 E = Experience gained in this place as a percentage of experience gained in the entire game.
 F = Experience gained in this place divided by the number of levels of this place that you have seen.
                   A       B       C       D       E      F
               +-------+-------+-------+-------+-------+----------------------
         Total | 100.0 | 100.0 | 100.0 |   N/A | 100.0 |  36.0
       Dungeon | 100.0 | 100.0 | 100.0 |   N/A | 100.0 |  36.0
               +-------+-------+-------+-------+-------+----------------------

Table legend: (Time is in decaauts)
 A = Elapsed time spent in this place.
 B = Non-inter-level travel time spent in this place.
 C = Inter-level travel time spent in this place.
 D = Time resting spent in this place.
 E = Time spent auto-exploring this place.
 F = Levels seen in this place.
 G = Mean time per level.
                   A        B        C        D        E       F      G
               +--------+--------+--------+--------+--------+-----+--------+
         Total |   2273 |   2231 |     42 |    677 |   1197 |   2 | 1136.5 |
       Dungeon |   2273 |   2231 |     42 |    677 |   1197 |   2 | 1136.5 |
               +--------+--------+--------+--------+--------+-----+--------+

Top non-repeatable levels by time:
     D:1: 1677 daAuts
     D:2: 596 daAuts
